 Dungeon Crawl Stone Soup version 0.26.1-2-gb8aa6d0cf2 (webtiles) character file.

Game seed: 17586244334673421759

4484 rickvoid the Thaumaturge (level 10, -1/54 HPs)
             Began as a Kobold Conjurer on Feb 23, 2021.
             Was a Priest of Vehumet.
             Slain by a catoblepas (13 damage)
             ... while petrified by a catoblepas
             ... on level 8 of the Dungeon on Mar 14, 2021.
             The game lasted 00:57:04 (11509 turns).

rickvoid the Thaumaturge (Kobold Conjurer)         Turns: 11509, Time: 00:57:05

Health: -1/54      AC:  8    Str:  5    XL:     10   Next: 64%
Magic:  19/23      EV:  3    Int: 22    God:    Vehumet [***...]
Gold:   310        SH:  0    Dex: 14    Spells: 20/28 levels left

rFire    . . .     SeeInvis .   F - +2 dagger (venom)
rCold    + . .     Faith    .   (shield restricted)
rNeg     + + +     Spirit   .   I - +0 robe
rPois    ∞         Reflect  +   (no helmet)
rElec    .         Harm     .   (no cloak)
rCorr    .         Rampage  .   H - +2 pair of gloves
Will     .....                  e - +2 pair of boots
Stlth    ++++......             y - amulet of reflection
HPRegen  0.18/turn              u - ring of poison resistance
MPRegen  0.18/turn              M - ring of protection from cold

@: petrified
A: small, nightstalker 3
a: Renounce Religion


You were on level 8 of the Dungeon.
You worshipped Vehumet.
Vehumet was most pleased with you.
You visited 1 branch of the dungeon, and saw 8 of its levels.

You collected 485 gold pieces.
You spent 175 gold pieces at shops.

Inventory:

Hand Weapons
 f - a +4 short sword
 l - a +0 hunting sling
 r - a +1 short sword of electrocution
 t - a +0 dagger
 v - a +3 hand axe
 z - a +2 flail of protection
 D - a cursed -1 hunting sling
 F - a +2 dagger of venom (weapon)
Missiles
 c - 56 poisoned darts
 m - 4 silver boomerangs (quivered)
Armour
 e - a +2 pair of boots (worn)
 A - the +4 ring mail "Miateru" {+Blink rElec rCorr Int-4}
   (You found it on level 5 of the Dungeon)

   It affects your intelligence (-4).
   It insulates you from electricity.
   It lets you blink.
   It provides partial protection from all sources of acid and corrosion.
 H - a +2 pair of gloves (worn)
 I - a +0 robe (worn)
Jewellery
 u - a ring of poison resistance (left hand)
 y - an amulet of reflection (around neck)
 E - an uncursed amulet of faith
 M - a ring of protection from cold (right hand)
Wands
 k - a wand of flame (5)
 B - a wand of random effects (31)
 C - a wand of acid (9)
 L - a wand of digging (6)
Scrolls
 b - a scroll of fear {unknown}
 d - a scroll of identify
 g - 3 scrolls of enchant weapon
 h - 5 scrolls of magic mapping
 i - 6 scrolls of remove curse
 j - a scroll of immolation
 n - 3 scrolls of teleportation
 s - 3 scrolls of amnesia
 x - a scroll of random uselessness {unknown}
 K - a scroll of brand weapon {unknown}
Potions
 a - a potion of might {unknown}
 o - a potion of flight {unknown}
 p - 3 potions of heal wounds
 q - a potion of lignification {unknown}
 w - a potion of berserk rage
 G - a potion of resistance {unknown}
 J - 2 potions of cancellation {unknown}


   Skills:
 + Level 2.7 Fighting
 + Level 1.3 Short Blades
 + Level 0.2 Throwing
 + Level 5.5 Dodging
 + Level 5.3 Stealth
 + Level 1.5 Shields
 + Level 9.8 Spellcasting
 + Level 9.7 Conjurations
 + Level 0.2 Hexes
 + Level 1.5 Fire Magic
 + Level 0.4 Air Magic
 + Level 2.1 Evocations


You had 20 spell levels left.
You knew the following spells:

 Your Spells              Type           Power        Failure   Level
a - Magic Dart            Conj           100%         1%          1
b - Shock                 Conj/Air       100%         1%          1
c - Searing Ray           Conj           100%         1%          2
d - Foxfire               Conj/Fire      100%         1%          1
e - Inner Flame           Hex/Fire       14%          3%          3

Your spell library contained the following spells:

 Spells                   Type           Power        Failure   Level
 Airstrike                Air            6%           13%         4
 Dazzling Flash           Conj/Hex       64%          1%          3
 Fulminant Prism          Conj/Hex       16%          2%          4
 Iskenderun's Mystic Bla  Conj/Tloc      32%          2%          4


Dungeon Overview and Level Annotations

Branches:
Dungeon (8/15)             Temple (0/1) D:4
   Lair: D:8-11

Altars:
Gozag
Nemelex Xobeh
Okawaru
Uskayaw
Vehumet
Yredelemnul

Shops:
D:7 ?


Innate Abilities, Weirdness & Mutations

You are small and have problems with some larger weapons.
You are completely attuned to the shadows.


Message History

Aim: a gargoyle, wielding a +0 flail (8% to evade)
The searing ray hits the gargoyle.
The gargoyle is lightly damaged. (Press . to maintain the ray.)
The searing ray hits the catoblepas.
The catoblepas is heavily wounded.
The searing ray hits the catoblepas.
The catoblepas is heavily wounded.
The catoblepas breathes a plume of calcifying dust at you.
The blast of calcifying dust hits you.
You are engulfed in calcifying dust.
You are slowing down.
Your limbs are stiffening.
You have turned to stone.
The catoblepas gores you!! The catoblepas barely misses you.
The catoblepas gores you!!
* * * LOW HITPOINT WARNING * * *
The catoblepas gores you!!
You die...

##.............##...
....#.............##
##..#..###.##.##.###
#.#.#.###.##.......
#.#..##.#####.###
#.##.###.###.####
###)#..###...###..
##.#.##.####### #.#
#.@##.#..# #.#
##Y#.#.##.## #.#
#.9#.##.#..# #.#
###.##.#.##[##### #.#
#.##§#.##.#...<.# #.#
#...9##...##....###.#
##..Y#########...##.#
#(.9#.#.).#..###....#
#[.Y#.#.)......###...


You could see a catoblepas and a gargoyle.

Vanquished Creatures
  A tengu warrior (D:8)
  An ugly thing (D:8)
  A yak (D:8)
  A wyvern (D:8)
  A wraith (D:8)
  An orc warrior (D:6)
  A sky beast (D:7)
  A black bear (D:7)
  2 necrophages
  5 ogres
  4 centaurs
  3 big kobolds
  A bullfrog (D:6)
  A scorpion (D:7)
  13 killer bees
  A bullfrog zombie (D:8)
  A howler monkey (D:6)
  2 hounds
  A centaur zombie (D:8)
  3 bullfrog skeletons
  An orc priest (D:3)
  5 orc wizards
  4 iguanas
  5 worker ants
  A howler monkey zombie (D:7)
  A howler monkey skeleton (D:4)
  11 adders
  A shadow imp (D:7)
  3 white imps (D:6)
  2 ufetubi
  3 adder zombies
  2 adder skeletons (D:4)
  4 dart slugs
  6 leopard geckos
  28 orcs
  8 bats
  2 giant cockroaches (D:1)
  5 goblins
  7 hobgoblins
  3 jackals (D:5)
  24 kobolds
  6 quokkas
  A ball python (D:4)
  8 frilled lizards
  A giant cockroach zombie (D:5)
  15 rats
202 creatures vanquished.

Vanquished Creatures (others)
  A hound zombie (D:6)
  2 foxfires (D:7)
3 creatures vanquished.

Grand Total: 205 creatures vanquished

Notes
Turn   | Place    | Note
-------+----------+-------------------------------------------
     0 | D:1      | rickvoid the Kobold Conjurer began the quest for the Orb.
     0 | D:1      | Reached XP level 1. HP: 10/10 MP: 3/3
   156 | D:1      | Reached XP level 2. HP: 15/15 MP: 1/5
   695 | D:1      | Reached XP level 3. HP: 19/19 MP: 0/6
  1922 | D:2      | Found a sparkling altar of Nemelex Xobeh.
  1996 | D:2      | Reached skill level 5 in Conjurations
  2065 | D:2      | Reached XP level 4. HP: 24/24 MP: 5/7
  2771 | D:2      | Reached XP level 5. HP: 28/28 MP: 2/9
  3499 | D:3      | Noticed a necrophage
  3530 | D:3      | Killed a necrophage
  3531 | D:3      | Reached XP level 6. HP: 18/32 MP: 8/11
  3987 | D:3      | Reached skill level 1 in Evocations
  4289 | D:3      | Found a hide-covered altar of Uskayaw.
  4290 | D:3      | Found a radiant altar of Vehumet.
  4294 | D:3      | Became a worshipper of Vehumet
  4985 | D:4      | Reached skill level 1 in Fighting
  5025 | D:4      | Reached XP level 7. HP: 38/38 MP: 9/12
  5597 | D:4      | Found a staircase to the Ecumenical Temple.
  5914 | D:4      | Found a basalt altar of Yredelemnul.
  6115 | D:5      | Entered Level 5 of the Dungeon
  6504 | D:5      | Reached skill level 1 in Short Blades
  6516 | D:5      | Reached * piety under Vehumet
  6516 | D:5      | Offered knowledge of Shock by Vehumet.
  6520 | D:5      | Learned a level 1 spell: Shock
  6523 | D:5      | Learned a level 2 spell: Searing Ray
  6711 | D:5      | Reached skill level 5 in Spellcasting
  6711 | D:5      | Reached XP level 8. HP: 26/43 MP: 9/15
  6893 | D:5      | Found an opulent altar of Gozag.
  7478 | D:5      | Got a steaming ring mail
  7479 | D:5      | Identified the +4 ring mail "Miateru" {+Blink rElec rCorr
                  | Int-4} (You found it on level 5 of the Dungeon)
  7978 | D:6      | Reached skill level 5 in Stealth
  8887 | D:7      | Offered knowledge of Foxfire by Vehumet.
  8890 | D:7      | Learned a level 1 spell: Foxfire
  8930 | D:7      | Reached XP level 9. HP: 47/47 MP: 15/18
  9029 | D:7      | Found an iron altar of Okawaru.
  9182 | D:7      | Reached ** piety under Vehumet
  9559 | D:7      | Reached skill level 1 in Shields
  9699 | D:7      | Found Qaosilipt's Magic Scroll Boutique.
  9715 | D:7      | Offered knowledge of Inner Flame by Vehumet.
  9720 | D:7      | Learned a level 3 spell: Inner Flame
  9811 | D:7      | Bought a scroll of amnesia for 35 gold pieces
  9811 | D:7      | Bought a scroll of teleportation for 30 gold pieces
  9811 | D:7      | Bought a scroll of magic mapping for 35 gold pieces
  9811 | D:7      | Bought a scroll of enchant weapon for 75 gold pieces
 10629 | D:8      | Reached XP level 10. HP: 53/53 MP: 11/22
 10684 | D:8      | Reached *** piety under Vehumet
 11137 | D:8      | Noticed a purple ugly thing
 11142 | D:8      | Noticed a tengu warrior
 11145 | D:8      | Killed a purple ugly thing
 11145 | D:8      | Offered knowledge of Airstrike by Vehumet.
 11146 | D:8      | Reached skill level 5 in Dodging
 11162 | D:8      | Killed a tengu warrior
 11358 | D:8      | Reached skill level 1 in Fire Magic
 11486 | D:8      | Noticed a catoblepas
 11489 | D:8      | Noticed a gargoyle
 11509 | D:8      | Slain by a catoblepas

Illustrated notes

Levels and vault maps discovered:
D:1:      dpeg_arrival_rhombus, layout_loops_corners, grunt_decor_fettered
D:2:      layout_basic, nicolae_overflow_crystal_walls, minmay_tetromino_t4
D:3:      layout_basic, gammafunk_temple_overflow_statue
D:4:      layout_basic, minmay_temple_entry_ruins, kennysheep_doodads,
          amcnicky_altar_gilded
D:5:      layout_loops_cross, lemuel_doored_altar, hangedman_glass_teeth
D:6:      layout_loops_ring, lemuel_flame_loot_1
D:7:      layout_loops_cross, serial_shops, shop, basic_altar
D:8:      minmay_the_grid_four_pointed_star [minmay_the_grid_triangle_9x9_cache,
          minmay_the_grid_triangle_9x9_wacky_v,
          minmay_the_grid_triangle_9x9_longest,
          minmay_the_grid_triangle_9x9_intruding_spiral,
          minmay_the_grid_prize_four_corners], layout_loops_ring

Skill      XL: |  1  2  3  4  5  6  7  8  9 10 |
---------------+-------------------------------+-----
Stealth        | 3 4 5 |  5.3
Conjurations   | 5 6 7 8 9 |  9.7
Spellcasting   | 3 5 6 8 9 |  9.8
Dodging        | 3 4 5 |  5.5
Evocations     | 1 2 |  2.1
Fighting       | 1 2 |  2.7
Short Blades   | 1 |  1.3
Shields        | 1 |  1.5
Fire Magic     | 1 |  1.5
Throwing       | |  0.2
Hexes          | |  0.2
Air Magic      | |  0.4

Action                   |  1- 3 |  4- 6 |  7- 9 | 10-12 || total
-------------------------+-------+-------+-------+-------++-------
Melee: Short sword       |       |     2 |    15 |       ||    17
       Dagger            |       |       |     3 |       ||     3
Throw: Boomerang         |       |     3 |       |       ||     3
 Cast: Magic Dart        |    61 |   103 |   154 |       ||   318
       Searing Ray       |       |       |    52 |    22 ||    74
       Shock             |       |       |     3 |       ||     3
       Foxfire           |       |       |     1 |       ||     1
       Inner Flame       |       |       |     1 |       ||     1
Evoke: Wand              |       |    14 |       |       ||    14
  Use: Scroll            |     1 |     2 |     7 |       ||    10
       Potion            |     1 |     2 |     4 |       ||     7
Armor: Robe              |     4 |     9 |    34 |     3 ||    50
Dodge: Dodged            |     6 |    17 |    89 |    10 ||   122
Block: Other             |       |       |    18 |     3 ||    21
       Reflection        |       |       |     1 |       ||     1
